 Dungeon Crawl Stone Soup version 0.29.1-2-gbd0b4ee654 (webtiles) character file.

Game seed: 10411285418242809995

48 DildoBatman the Conjurer (level 4, -2/30 HPs)
             Began as a Formicid Conjurer on Nov 15, 2022.
             Slain by a hobgoblin (3 damage)
             ... on level 2 of the Dungeon.
             The game lasted 00:02:51 (958 turns).

DildoBatman the Conjurer (Formicid Conjurer)         Turns: 958, Time: 00:02:52

Health: -2/30      AC:  2    Str: 12    XL:     4   Next: 0%
Magic:  3/7        EV: 12    Int: 17    God:
Gold:   62         SH:  0    Dex: 14    Spells: 4/7 levels left

rFire   . . .      SeeInvis +   a - +0 dagger (venom)
rCold   . . .      Faith    .   (no shield)
rNeg    . . .      Spirit   .   f - +0 robe
rPois   .          Reflect  .   (helmet unavailable)
rElec   .          Harm     .   (no cloak)
rCorr   .          Rampage  .   (no gloves)
Will    .....                   (no boots)
Stlth   ++........              (no amulet)
HPRegen 0.10/turn               (no ring)
MPRegen 0.10/turn               (no ring)

@: no status effects
A: permanent stasis, dig shafts and tunnels, antennae 3, four strong arms
a: Dig, Shaft Self


You were on level 2 of the Dungeon.
You visited 1 branch of the dungeon, and saw 2 of its levels.

You collected 62 gold pieces.

Inventory:

Hand Weapons
 a - a +0 dagger of venom (weapon)
 b - a +0 rapier
Missiles
 c - 19 stones (quivered)
 j - 4 poisoned darts
Armour
 f - a +0 robe (worn)
Scrolls
 d - a scroll of teleportation {unknown}
 e - a scroll of fog {unknown}
 h - a scroll of blinking {unknown}
 l - a scroll of identify {unknown}
Potions
 g - a potion of berserk rage {unknown}
 i - a potion of magic
 k - a potion of degeneration {unknown}


   Skills:
 - Level 1.7 Dodging
 - Level 2.4 Stealth
 - Level 2.1 Spellcasting
 * Level 4.8 Conjurations


You had 4 spell levels left.
You knew the following spells:

 Your Spells              Type           Power      Damage    Failure   Level
a - Searing Ray           Conj           36%        2d5       4%          2
c - Magic Dart            Conj           72%        1d6       2%          1

Your spell library contained the following spells:

 Spells                   Type           Power      Damage    Failure   Level
 Dazzling Flash           Conj/Hex       20%        N/A       22%         3
 Fulminant Prism          Conj/Hex       5%         3d7       56%         4
 Iskenderun's Mystic Bla  Conj/Tloc      10%        2d4       56%         4
 Starburst                Conj/Fire      5%         6d4       100%        6


Dungeon Overview and Level Annotations

Branches:
Dungeon (2/15)

Altars:

Shops:
D:2 :

Annotations:
D:1 exclusion: shining eye
D:2 Sigmund


Innate Abilities, Weirdness & Mutations

You cannot be hasted, slowed, berserked, paralysed or teleported.
You can dig through walls and to a lower floor.
You have a pair of large antennae on your head. (SInv)
Your four strong arms can wield two-handed weapons with a shield.


Message History

The rat barely misses you. What are your orders? t - Shout!
Orders for allies: a - Attack new target. r - Retreat! s - Stop attacking. g - Guard the area. f - Follow me.
Anything else - Cancel.
You shout for attention!
The rat bites you. The hobgoblin hits you. Sigmund closely misses you.
What are your orders? t - Shout!
Orders for allies: a - Attack new target. r - Retreat! s - Stop attacking. g - Guard the area. f - Follow me.
Anything else - Cancel.
You shout for attention!
The hobgoblin misses you. The rat closely misses you.
What are your orders? t - Shout!
Orders for allies: a - Attack new target. r - Retreat! s - Stop attacking. g - Guard the area. f - Follow me.
Anything else - Cancel.
You shout for attention!
Sigmund closely misses you. The hobgoblin closely misses you.
The rat bites you but does no damage. What are your orders? t - Shout!
Orders for allies: a - Attack new target. r - Retreat! s - Stop attacking. g - Guard the area. f - Follow me.
Anything else - Cancel.
You shout for attention!
The rat bites you. The hobgoblin hits you.
You die...

##.#...#
...#..#
#..#..#
#..#..#
#..#..#
#..#..#
#.....###
####@r.....#
#...g(...#.#
#.#.@.#..†.#
# #.#.####.#
#.#.## #†#
..#... #.#
#######.#.#
#....#.# ##
#......#


You could see Sigmund, a hobgoblin and a rat.

Vanquished Creatures
  An adder (D:2)
  A worm (D:2)
  A dart slug (D:1)
  5 ball pythons
  2 endoplasms (D:1)
  2 giant cockroaches (D:1)
  3 goblins (D:1)
  3 hobgoblins (D:1)
  7 kobolds (D:1)
  A quokka (D:1)
  4 bats (D:1)
  3 frilled lizards (D:1)
  A rat (D:1)
34 creatures vanquished.

Notes
Turn   | Place    | Note
-------+----------+-------------------------------------------
     0 | D:1      | DildoBatman the Formicid Conjurer began the quest for the
                  | Orb.
     0 | D:1      | Reached XP level 1. HP: 13/13 MP: 3/3
   171 | D:1      | Reached skill level 4 in Conjurations
   171 | D:1      | Reached XP level 2. HP: 17/19 MP: 0/5
   174 | D:1      | Learned a level 2 spell: Searing Ray
   449 | D:1      | Reached XP level 3. HP: 24/24 MP: 1/6
   523 | D:1      | Noticed a shining eye
   530 | D:1      | Noticed a shining eye
   597 | D:1      | Found a faded altar of an unknown god.
   598 | D:1      | Noticed a great orb of eyes
   598 | D:1      | Noticed a golden eye
   842 | D:2      | Found Bucheixe's Vocational Training.
   872 | D:2      | Noticed Sigmund
   925 | D:2      | Reached XP level 4. HP: 14/30 MP: 0/7
   958 | D:2      | HP: 1/30 [rat (1)]
   958 | D:2      | Slain by a hobgoblin

Illustrated notes

Levels and vault maps discovered:
D:1:      dpeg_arrival_tiny_g, layout_rooms,
          hellmonk_ecumenical_altar_watching_god
D:2:      layout_loops_ring, nicolae_shop_vocational, uniq_sigmund,
          uniq_natasha, uniq_crazy_yiuf_cottage

Skill      XL: |  1 |
---------------+----+-----
Conjurations   | 4 |  4.8
Dodging        | |  1.7
Stealth        | |  2.4
Spellcasting   | |  2.1

Action                   |  1- 3 |  4- 6 || total
-------------------------+-------+-------++-------
Melee: Unarmed           |    12 |       ||    12
       Whip              |    12 |       ||    12
       Dagger            |     2 |       ||     2
Throw: Stone             |     5 |       ||     5
 Cast: Magic Dart        |    58 |       ||    58
       Searing Ray       |     2 |       ||     2
Armor: Robe              |     8 |     3 ||    11
Dodge: Dodged            |    23 |    25 ||    48
